 Dungeon Crawl Stone Soup version 0.21.0 (webtiles) character file.

32244 magipi the Carver (level 13, 0/84 HPs)
             Began as a Gargoyle Fighter on Jan 7, 2018.
             Was a High Priest of the Shining One.
             Slain by a hell knight
             ... wielding a +2 glaive of flaming
              (3 damage)
             ... in a volcano.
             The game lasted 01:02:42 (16409 turns).

magipi the Carver (Gargoyle Fighter)               Turns: 16409, Time: 01:02:43

Health: 0/84       AC: 24    Str: 20    XL:     13   Next: 63%
Magic:  9/20       EV:  9    Int: 10    God:    the Shining One [*****.]
Gold:   677        SH:  5    Dex: 13    Spells: 12/12 levels left

rFire    + . .     SeeInvis .   b - +1 great sword (elec)
rCold    . . .     Gourm    .   (shield currently unavailable)
rNeg     + + +     Faith    .   O - +0 scale mail
rPois    ∞         Spirit   .   J - +1 hat
rElec    +         Reflect  +   y - +1 cloak
rCorr    .         Harm     .   A - +2 pair of gloves
MR       +....                  t - +1 pair of boots
Stlth    ..........             C - +5 amulet of reflection
HPRegen  0.24/turn              m - ring of protection from magic
MPRegen  0.17/turn              f - ring of protection from fire

@: glowing
A: negative energy resistance 1, electricity resistance, unbreathing,
petrification resistance, rot immunity, AC +9
a: Divine Shield, Cleansing Flame, Summon Divine Warrior, Renounce Religion


You were in a volcano.
You worshipped the Shining One.
The Shining One was extremely pleased with you.
You were not hungry.

You visited 2 branches of the dungeon, and saw 16 of its levels.
You also visited: Ossuary and Volcano.

You collected 908 gold pieces.
You spent 231 gold pieces at shops.

Inventory:

Hand Weapons
 a - a +3 longbow of freezing
   (You found it on level 2 of the Lair of Beasts)
 b - a +1 great sword of electrocution (weapon)
   (You took it off a wight on level 10 of the Dungeon)
 h - a +3 scimitar of flaming
   (You took it off Erica on level 2 of the Lair of Beasts)
 w - a +2 double sword of holy wrath
   (You acquired it on level 7 of the Dungeon)
Missiles
 i - 297 arrows
 l - 2 throwing nets (quivered)
Armour
 t - a +1 pair of boots (worn)
   (You found it on level 2 of the Dungeon)
 y - a +1 cloak (worn)
   (You took it off Crazy Yiuf on level 3 of the Dungeon)
 A - a +2 pair of gloves (worn)
   (You found it on level 3 of the Dungeon)
 J - a +1 hat (worn)
   (You found it on level 8 of the Dungeon)
 O - a +0 scale mail (worn)
Jewellery
 e - an uncursed amulet of rage
   (You found it on level 4 of the Dungeon)
 f - a ring of protection from fire (right hand)
   (You found it on level 10 of the Dungeon)
 m - a ring of protection from magic (left hand)
   (You found it on level 8 of the Dungeon)
 C - a +5 amulet of reflection (around neck)
   (You found it on level 5 of the Dungeon)
 E - an uncursed ring of ice
   (You found it in an ossuary)
Wands
 d - a wand of digging (28)
   (You found it on level 4 of the Dungeon)
 q - a wand of flame (23)
   (You found it on level 6 of the Dungeon)
 I - a wand of scattershot (2)
   (You took it off Erica on level 2 of the Lair of Beasts)
 K - a wand of iceblast (3)
   (You found it on level 8 of the Dungeon)
 L - a wand of paralysis (18)
   (You took it off Maurice on level 8 of the Dungeon)
 P - a wand of acid (13)
   (You found it on level 9 of the Dungeon)
Scrolls
 j - a scroll of fear
 p - a scroll of fog
 r - 13 scrolls of teleportation
 u - a scroll of amnesia
 v - 4 scrolls of magic mapping
 F - 3 scrolls of enchant armour
 Q - 2 scrolls of blinking
 S - 4 scrolls of remove curse
Potions
 g - 3 potions of lignification
 k - 4 potions of cancellation
 n - 11 potions of curing
 o - 6 potions of flight
 s - 3 potions of magic
 x - 3 potions of brilliance
 z - 3 potions of agility
 B - 5 potions of ambrosia
 D - a potion of heal wounds
 G - a potion of might
 H - 2 potions of mutation
 N - 5 potions of haste
Books
 c - a book of Transfigurations
   (You found it on level 1 of the Lair of Beasts)

   Spells                             Type                      Level
   a - Irradiate                      Conjuration/Transmutation    5
   b - Statue Form                    Transmutation/Earth          6
   c - Hydra Form                     Transmutation                6
   d - Dragon Form                    Transmutation                7
Comestibles
 R - 33 rations


   Skills:
 + Level 11.1 Fighting
 - Level 12.0 Long Blades
 - Level 10.5 Bows
 - Level 3.2 Armour
   Level 3.2 Shields
 + Level 9.6 Invocations
 + Level 8.1 Evocations


You had 12 spell levels left.
You didn't know any spells.

Dungeon Overview and Level Annotations

Branches:
Dungeon (12/15)            Temple (0/1) D:5            Lair (4/6) D:11
 Spider (0/4) Lair:2          Orc (0/2) D:10
  Swamp: Lair:2-4    Shoals: Lair:2-4

Altars:
Ashenzari
Cheibriados
Dithmenos
Fedhas
Gozag
Hepliaklqana
Okawaru
Ru
Sif Muna
Trog
Vehumet
Xom
The Shining One

Shops:
D:8 %   D:10 (?

Portals:
Trove: D:10 (give +6 demon blade)


Innate Abilities, Weirdness & Mutations

You are resistant to torment.
Your stone body is resilient. (AC +9)
You are immune to poison.
You resist negative energy. (rN+)
You are resistant to electric shocks. (rElec)
You can survive without breathing.
You are immune to petrification.
You are immune to rotting.


Message History

The chaos spawn gores you!
* * * LOW HITPOINT WARNING * * *
You feel your power leaking away.
The obsidian statue's eyes glow briefly.
Your angel hits the obsidian statue with a whip of holy wrath!
You are no longer entranced.
The obsidian statue is destroyed!
The chaos spawn degenerates into a cloud of primal chaos!
The shadow imp disappears in a puff of smoke!
The ynoxinul disappears in a puff of smoke!
Your Evocations skill increases to level 8!
Your angel hits the centaur with a whip of holy wrath. x2
The centaur is engulfed in seething chaos.
The centaur shivers with cold.
The centaur shoots an arrow.
The arrow hits you.
* * * LOW HITPOINT WARNING * * *
You see here a bolt.
Unknown command.
Your angel hits the centaur with a whip of holy wrath. x2
The yaktaur shoots a bolt.
The bolt hits your angel! The bolt burns your angel.
The centaur is engulfed in seething chaos.
The centaur unwields an uncursed shortbow of flaming.
It stops flaming.
You block the centaur's attack.
Your angel hits the centaur with a whip of holy wrath!
Your angel hits the centaur with a whip of holy wrath.
The centaur dies!
You see here an arrow.
Something barely misses your angel.
Your angel hits the yaktaur with a whip of holy wrath.
Your angel hits the yaktaur but does no damage.
The yaktaur shoots a bolt.
The bolt barely misses you.
You hear a sizzling splash.
The centaur warrior shoots an arrow.
The arrow hits you but does no damage.
Things that are here:
an arrow; a bolt Something hits your angel but does no damage.
Your angel hits the yaktaur with a whip of holy wrath!!
Your angel hits the yaktaur with a whip of holy wrath.
The centaur warrior shoots an arrow.
The arrow hits you.
* * * LOW HITPOINT WARNING * * *
The arrow burns you.
* * * LOW HITPOINT WARNING * * *
Your angel hits the yaktaur but does no damage.
Your angel hits the yaktaur with a whip of holy wrath!
Something closely misses your angel.
You see here an arrow.
The yaktaur unwields an uncursed arbalest of flaming.
It stops flaming.
The yaktaur barely misses your angel.
Your angel hits the yaktaur with a whip of holy wrath!!
The yaktaur dies!
Something completely misses your angel.
Things that are here:
an arrow; a bolt The centaur warrior unwields an uncursed shortbow of flaming.
It stops flaming.
The centaur warrior barely misses you. Something hits your angel!
Something burns your angel.
The centaur warrior hits you but does no damage.
You see here an arrow.
Unknown command.
You slash the centaur warrior!
The centaur warrior is lightly wounded.
Your angel hits the centaur warrior with a whip of holy wrath.
Your angel hits the centaur warrior with a whip of holy wrath!
Something completely misses your angel. The centaur warrior closely misses you.
You riposte.
You barely miss the centaur warrior.
The centaur warrior is moderately wounded.
Your angel closely misses the centaur warrior.
Your angel hits the centaur warrior with a whip of holy wrath.
You hit the centaur warrior.
The centaur warrior is heavily wounded.
Something hits your angel! Something burns your angel.
You block the centaur warrior's attack.
Your angel hits the centaur warrior but does no damage.
Your angel hits the centaur warrior with a whip of holy wrath.
The centaur warrior hits you but does no damage.
Something hits your angel!! Something burns your angel!
You hit the centaur warrior.
The centaur warrior is heavily wounded.
Your angel gestures.
Your angel is healed somewhat.
The centaur warrior closely misses you. Something barely misses your angel.
Your angel closely misses the centaur warrior.
Your angel barely misses the centaur warrior.
You slice the centaur warrior!!
The centaur warrior is almost dead.
You block the centaur warrior's attack.
Your angel completely misses the centaur warrior.
Your angel hits the centaur warrior with a whip of holy wrath!
The centaur warrior dies!
Something closely misses your angel. Something hits your angel!
Something burns your angel.
Your angel gestures.
Your angel is healed somewhat.
i - 297 arrows (gained 1)
You see here a bolt.
Your angel gestures.
Your angel is healed somewhat.
The hell knight hits you from afar with a glaive of flaming!
* * * LOW HITPOINT WARNING * * *
The hell knight burns you.
You die...

#8.8###.....##
##.## ##...##
########.# #..##
#.......'########
########........##
##$.)##########..#
#...p(#§#§#§#≈##.#
#A#§#§#§#≈##.#
#@#§#§#§#§#..#
##.......§§#8#
#≈#≈#≈#≈#§###
#≈#§#§#§#≈#
#≈#§#§#§#≈#
###########


You could see a hell knight and a friendly angel.

Vanquished Creatures
  Harold (D:12)
  2 hydras
  4 two-headed ogres
  Erica (Lair:2)
  Pikel (D:7)
  2 ugly things (D:11)
  2 cyclopes (D:11)
  Maurice (D:8)
  5 spiny frogs
  4 komodo dragons
  A queen bee (D:12)
  A troll (D:9)
  3 meliai
  A polar bear (Lair:3)
  Grinder (D:6)
  4 blink frogs (Lair:4)
  2 hornets (D:10)
  2 hippogriffs (Lair:3)
  3 wyverns
  7 fire bats (Volcano)
  24 yaks
  A human (D:7)
  4 hogs (D:7)
  2 wargs (D:11)
  A soldier ant (D:12)
  Duvessa (D:7)
  4 water moccasins
  5 porcupines
  8 orc warriors
  2 ice beasts
  3 sky beasts
  3 slaves (D:7)
  2 phantoms
  A necrophage (D:8)
  6 ogres
  5 centaurs
  11 wolves
  4 crocodiles
  Blork the orc (D:6)
  8 bullfrogs
  A gnoll sergeant (D:10)
  A wyvern zombie (D:10)
  A water moccasin zombie (D:10)
  Dowan (D:7)
  11 scorpions
  2 wyvern skeletons
  35 killer bees
  20 wights
  2 howler monkeys (D:5)
  6 electric eels (D:9)
  5 crimson imps
  6 lava snakes (Volcano)
  2 quasits
  A bullfrog zombie (D:12)
  2 centaur zombies
  2 hounds
  4 human zombies (Ossuary)
  A bullfrog skeleton (D:4)
  12 orc priests
  Crazy Yiuf (D:3)
  2 jellies
  2 iguanas
  11 worker ants
  8 orc wizards
  3 big kobold zombies (Ossuary)
  2 hound zombies
  2 hound skeletons
  3 mummies (Ossuary)
  A howler monkey zombie (D:11)
  13 gnolls
  A howler monkey skeleton (D:6)
  16 adders
  6 scorpion zombies (Ossuary)
  5 shadow imps
  2 oozes
  An adder zombie (D:7)
  3 worms
  2 dart slugs
  14 leopard geckos
  72 orcs
  5 giant cockroaches
  A gnoll zombie (Ossuary)
  9 goblins
  7 hobgoblins
  14 jackals
  11 quokkas
  3 ball pythons
  4 bats
  5 frilled lizards
  2 goblin zombies (Ossuary)
  A hobgoblin zombie (Ossuary)
  A jackal skeleton (D:4)
  11 kobolds
  3 kobold zombies (Ossuary)
  A leopard gecko skeleton (D:8)
  3 orc zombies (Ossuary)
  8 rats
518 creatures vanquished.

Vanquished Creatures (collateral kills)
  The ghost of Nicoed the Severer, a journeyman HOBe of Lugonu (Lair:2)
  The ghost of Aviak the Fighter, a journeyman OgHu of Wu Jian (D:11)
  A centaur warrior (Volcano)
  An obsidian statue (Volcano)
  A yaktaur (Volcano)
  A centaur (Volcano)
  A killer bee (D:11)
  A wight (D:11)
8 creatures vanquished.

Vanquished Creatures (others)
  A killer bee (D:12)
  2 wights (D:9)
  A fungus (Lair:3)
4 creatures vanquished.

Grand Total: 530 creatures vanquished

Notes
Turn   | Place    | Note
-------+----------+-------------------------------------------
     0 | D:1      | magipi the Gargoyle Fighter began the quest for the Orb.
     0 | D:1      | Reached XP level 1. HP: 14/14 MP: 1/1
    36 | D:1      | Reached skill level 2 in Long Blades
   104 | D:1      | Reached XP level 2. HP: 15/19 MP: 2/2
   512 | D:2      | Reached skill level 3 in Long Blades
   518 | D:1      | Reached XP level 3. HP: 23/23 MP: 3/3
   902 | D:2      | Found a radiant altar of Vehumet.
   949 | D:2      | Found a blossoming altar of Fedhas.
  1002 | D:2      | Reached XP level 4. HP: 27/28 MP: 4/4
  1197 | D:3      | Reached skill level 4 in Long Blades
  1213 | D:3      | Found a runed door.
  1217 | D:3      | Noticed Crazy Yiuf
  1224 | D:3      | Killed Crazy Yiuf
  1274 | D:3      | Found a bloodstained altar of Trog.
  1306 | D:3      | Reached XP level 5. HP: 32/32 MP: 5/5
  1311 | D:3      | Found a glowing golden altar of the Shining One.
  1311 | D:3      | Found an opulent altar of Gozag.
  1317 | D:3      | Became a worshipper of the Shining One
  1510 | D:3      | Found a shattered altar of Ashenzari.
  1541 | D:3      | Reached skill level 5 in Long Blades
  1619 | D:3      | Found a shadowy altar of Dithmenos.
  1699 | D:3      | Found a sacrificial altar of Ru.
  2126 | D:4      | Reached XP level 6. HP: 37/37 MP: 6/6
  2264 | D:4      | Reached skill level 6 in Long Blades
  2568 | D:4      | Reached * piety under the Shining One
  2572 | D:4      | Reached XP level 7. HP: 41/41 MP: 7/7
  2714 | D:4      | Reached skill level 7 in Long Blades
  2746 | D:4      | Found a deep blue altar of Sif Muna.
  3071 | D:5      | Entered Level 5 of the Dungeon
  3535 | D:5      | Found a staircase to the Ecumenical Temple.
  3659 | D:5      | Reached skill level 8 in Long Blades
  3717 | D:5      | Found an opulent altar of Gozag.
  3764 | D:5      | Reached XP level 8. HP: 37/46 MP: 8/8
  3926 | D:6      | Reached skill level 1 in Bows
  3946 | D:6      | Found a shimmering altar of Xom.
  3983 | D:6      | Noticed Blork the orc
  3995 | D:6      | Killed Blork the orc
  4090 | D:6      | Reached ** piety under the Shining One
  4279 | D:6      | Noticed Grinder
  4290 | D:6      | Paralysed by Grinder for 6 turns
  4299 | D:6      | Paralysed by Grinder for 5 turns
  4307 | D:6      | Killed Grinder
  4307 | D:6      | Reached skill level 9 in Long Blades
  4319 | D:6      | Found a sand-covered staircase.
  4328 | Ossuary  | Entered an ossuary
  4430 | Ossuary  | Reached XP level 9. HP: 38/51 MP: 9/9
  4514 | Ossuary  | Reached *** piety under the Shining One
  4625 | Ossuary  | Reached skill level 5 in Bows
  4754 | Ossuary  | Reached **** piety under the Shining One
  4869 | D:6      | Found a hazy altar of Hepliaklqana.
  4870 | D:6      | Found a shimmering altar of Xom.
  4871 | D:6      | Noticed a spectral ugly thing
  4990 | D:6      | Reached skill level 10 in Long Blades
  5037 | D:6      | Found a snail-covered altar of Cheibriados.
  5127 | D:6      | Found an iron altar of Okawaru.
  5289 | D:7      | Identified a scroll of acquirement
  5455 | D:7      | Noticed Duvessa
  5457 | D:7      | Noticed Dowan
  5470 | D:7      | Killed Duvessa
  5472 | D:7      | Killed Dowan
  5569 | D:7      | Reached XP level 10. HP: 54/56 MP: 10/10
  5766 | D:7      | Noticed Pikel
  5779 | D:7      | Killed Pikel
  5779 | D:7      | Reached skill level 11 in Long Blades
  6029 | D:8      | Noticed Maurice
  6100 | D:8      | Reached ***** piety under the Shining One
  6220 | D:8      | Paralysed by Maurice for 4 turns
  6233 | D:8      | Killed Maurice
  6477 | D:8      | Found Tuasig's Food Shoppe.
  6830 | D:8      | Reached XP level 11. HP: 51/60 MP: 11/11
  6837 | D:8      | Reached skill level 12 in Long Blades
  7499 | D:9      | Reached skill level 10 in Bows
  8105 | D:9      | Reached skill level 5 in Fighting
  8311 | D:10     | Entered Level 10 of the Dungeon
  8311 | D:10     | Found a portal to a secret trove of treasure.
  8311 | D:10     | Found Ciagrodukk's Weapon Shoppe.
  8381 | D:10     | Found Usuchi's Magic Scroll Shop.
  8464 | D:10     | Bought a scroll of teleportation for 42 gold pieces
  8464 | D:10     | Bought a scroll of identify for 28 gold pieces
  8464 | D:10     | Bought a scroll of identify for 28 gold pieces
  8464 | D:10     | Bought a scroll of identify for 28 gold pieces
  8464 | D:10     | Bought a scroll of blinking for 105 gold pieces
  8627 | D:10     | Found a staircase to the Orcish Mines.
  9152 | D:10     | Noticed a two-headed ogre
  9158 | D:10     | Killed a two-headed ogre
  9158 | D:10     | Reached skill level 1 in Invocations
  9158 | D:10     | Reached skill level 1 in Evocations
  9341 | D:11     | Noticed a two-headed ogre
  9354 | D:11     | Killed a two-headed ogre
  9363 | D:11     | Reached ****** piety under the Shining One
  9421 | D:11     | Found a staircase to the Lair.
  9533 | D:11     | Noticed Aviak's ghost (journeyman OgHu)
  9928 | D:11     | Noticed a cyclops
  9954 | D:11     | Killed a cyclops
  9956 | D:11     | Noticed a two-headed ogre
  9966 | D:11     | Killed a two-headed ogre
  9977 | D:11     | Reached XP level 12. HP: 33/72 MP: 15/15
 10351 | D:11     | Reached skill level 5 in Invocations
 10672 | D:11     | Noticed a four-headed hydra
 10697 | D:11     | Killed a four-headed hydra
 11166 | D:11     | Killed Aviak's ghost
 11247 | D:11     | Got a heavily runed lead ring
 11343 | D:11     | Reached skill level 5 in Evocations
 12312 | D:12     | Identified the ring "Putos" {Str-5 Dex+3 SInv Stlth+} (You took it off a wight on level 11 of the Dungeon)
 12410 | D:12     | Noticed Harold
 12413 | D:12     | Noticed a two-headed ogre
 12518 | D:12     | Killed a two-headed ogre
 12544 | D:12     | Killed Harold
 13221 | Lair:1   | Entered Level 1 of the Lair of Beasts
 13244 | Lair:1   | Noticed an eight-headed hydra
 13255 | Lair:1   | Killed an eight-headed hydra
 14263 | Lair:2   | Noticed Nicoed's ghost (journeyman HOBe)
 14280 | Lair:2   | Killed Nicoed's ghost
 14280 | Lair:2   | Reached XP level 13. HP: 78/82 MP: 10/19
 14317 | Lair:2   | Reached skill level 10 in Fighting
 14537 | Lair:2   | Noticed Erica
 14555 | Lair:2   | Killed Erica
 14713 | Lair:2   | Found a hole to the Spider Nest.
 15180 | Lair:3   | Found the +12 glaive of Prune {chop}
 15905 | Lair:4   | Found a dark tunnel.
 15917 | Volcano  | Entered a volcano
 16409 | Volcano  | HP: 3/84 [hell knight/glaive of flaming (17)]
 16409 | Volcano  | Slain by a hell knight

Skill      XL: |  1  2  3  4  5  6  7  8  9 10 11 12 13 |
---------------+----------------------------------------+-----
Long Blades    | 2 3 4 5 6 8 9 10 11 12 | 12.0
Bows           | 4 7 9 10 | 10.5
Fighting       | 7 9 11 | 11.1
Invocations    | 4 8 9 |  9.6
Evocations     | 3 6 8 |  8.1
Armour         | |  3.2
Shields        | |  3.2

Action                   |  1- 3 |  4- 6 |  7- 9 | 10-12 | 13-15 || total
-------------------------+-------+-------+-------+-------+-------++-------
Melee: Long sword        |   102 |   198 |   438 |       |       ||   738
       Double sword      |       |       |    41 |   318 |       ||   359
       Great sword       |       |       |       |   175 |    77 ||   252
 Fire: Shortbow          |       |       |    10 |   395 |    36 ||   441
       Longbow           |       |       |       |       |   109 ||   109
Invok: Divine Shield     |       |       |       |     1 |       ||     1
       Summon Divine War |       |       |       |     2 |     1 ||     3
Evoke: Wand              |       |       |       |     7 |     2 ||     9
  Use: Scroll            |       |    13 |     5 |    11 |     5 ||    34
       Potion            |       |       |     1 |     3 |     1 ||     5
  Eat: Chunk             |     1 |     5 |     7 |    11 |     5 ||    29
       Ration            |       |       |     1 |     5 |     1 ||     7
Armor: Scale mail        |    59 |   129 |   231 |   383 |    93 ||   895
Dodge: Dodged            |    56 |    97 |   168 |   278 |    71 ||   670
Block: Shield            |     5 |       |       |       |       ||     5
       Other             |       |       |    27 |   173 |    31 ||   231
       Reflection        |       |       |     7 |     4 |     2 ||    13
       Rpst.: Long sword |    21 |    27 |    51 |       |       ||    99
       Double sword      |       |       |     3 |    38 |       ||    41
       Great sword       |       |       |       |    32 |    14 ||    46

Action                   |  1- 3 |  4- 6 |  7- 9 | 10-12 | 13-15 || total
-------------------------+-------+-------+-------+-------+-------++-------
Melee: Long sword        |   102 |   198 |   438 |       |       ||   738
       Double sword      |       |       |    41 |   318 |       ||   359
       Great sword       |       |       |       |   175 |    77 ||   252
 Fire: Shortbow          |       |       |    10 |   395 |    36 ||   441
       Longbow           |       |       |       |       |   109 ||   109
Invok: Divine Shield     |       |       |       |     1 |       ||     1
       Summon Divine War |       |       |       |     2 |     1 ||     3
Evoke: Wand              |       |       |       |     7 |     2 ||     9
  Use: Scroll            |       |    13 |     5 |    11 |     5 ||    34
       Potion            |       |       |     1 |     3 |     1 ||     5
  Eat: Chunk             |     1 |     5 |     7 |    11 |     5 ||    29
       Ration            |       |       |     1 |     5 |     1 ||     7
Armor: Scale mail        |    59 |   129 |   231 |   383 |    93 ||   895
Dodge: Dodged            |    56 |    97 |   168 |   278 |    71 ||   670
Block: Shield            |     5 |       |       |       |       ||     5
       Other             |       |       |    27 |   173 |    31 ||   231
       Reflection        |       |       |     7 |     4 |     2 ||    13
       Rpst.: Long sword |    21 |    27 |    51 |       |       ||    99
       Double sword      |       |       |     3 |    38 |       ||    41
       Great sword       |       |       |       |    32 |    14 ||    46
